 Dungeon Crawl Stone Soup version 0.20-a0-309-gcba9277 (webtiles) character file.

114 Lianjan the Gusty (level 4, 0/24 HPs)
             Began as a Tengu Air Elementalist on Oct 22, 2016.
             Killed from afar by Sigmund (11 damage)
             ... with a wand of flame (?/48)
             ... on level 3 of the Dungeon on Dec 18, 2016.
             The game lasted 00:19:42 (2162 turns).

Lianjan the Gusty (Tengu Air Elementalist)          Turns: 2162, Time: 00:19:42

Health: 0/24       AC:  4    Str:  8    XL:     4   Next: 97%
Magic:  1/8        EV: 12    Int: 16    God:
Gold:   142        SH:  2    Dex: 15    Spells: 2/7 levels left

rFire  . . .     SeeInvis .     d - +0 short sword (elec)
rCold  . . .     Gourm    .     j - +0 leather armour
rNeg   . . .     Faith    .     (no shield)
rPois  .         Spirit   .     (helmet restricted)
rElec  .         Reflect  +     t - +0 cloak
rCorr  .         Harm     .     (no gloves)
MR     .....                    (boots unavailable)
Stlth  ++........               h - +2 amulet of reflection
                                (no ring)
                                (no ring)

@: no status effects
A: beak, talons 3
a: no special abilities


You were on level 3 of the Dungeon.
You were not hungry.

You visited 1 branch of the dungeon, and saw 3 of its levels.

You collected 142 gold pieces.

Inventory:

Hand Weapons
 d - a +0 short sword of electrocution (weapon)
Armour
 a - a +0 robe
 j - a +0 leather armour (worn)
 t - a +0 cloak (worn)
Jewellery
 h - a +2 amulet of reflection (around neck)
 i - an uncursed ring of ice
Scrolls
 g - a scroll of teleportation {unknown}
 l - a scroll of identify {unknown}
 n - 2 scrolls of remove curse {unknown}
 o - a scroll of immolation {unknown}
 p - 2 scrolls of amnesia {unknown}
 r - a scroll of enchant weapon {unknown}
 v - a scroll of random uselessness {unknown}
Potions
 e - a potion of brilliance {unknown}
 f - 2 potions of heal wounds {unknown}
 m - a potion of might {unknown}
 q - a potion of curing {unknown}
 u - a potion of magic {unknown}
Books
 b - a book of Air

   Spells                             Type                      Level
   a - Shock                          Conjuration/Air              1
   b - Swiftness                      Charms/Air                   2
   c - Repel Missiles                 Charms/Air                   2
   d - Static Discharge               Conjuration/Air              3
   e - Lightning Bolt                 Conjuration/Air              5
Comestibles
 c - 2 bread rations
 k - 7 fruits
 s - 9 chunks of flesh


   Skills:
 + Level 3.2 Short Blades
 - Level 2.1 Dodging
 - Level 2.0 Stealth
 + Level 2.0 Spellcasting
 - Level 3.0 Conjurations
 - Level 5.1 Air Magic


You had 2 spell levels left.
You knew the following spells:

 Your Spells              Type           Power        Failure   Level  Hunger
a - Shock                 Conj/Air       ##..         8%          1    #......
b - Swiftness             Chrm/Air       #.......     17%         2    ###....
c - Repel Missiles        Chrm/Air       #.....       17%         2    ###....


Dungeon Overview and Level Annotations

Branches:
Dungeon (3/15)

Altars:
Fedhas
Zin

Annotations:
D:3 Sigmund


Innate Abilities, Weirdness & Mutations

You have a beak for a mouth.
You have claws for feet.


Message History

You can't see any susceptible monsters within range! (Use Z to cast anyway.)
Casting: Shock
Confirm with . or Enter, or press ? or * to list all spells.
You don't know that spell.
Sorry, you're not good enough to have a special ability.
Casting: Shock
Confirm with . or Enter, or press ? or * to list all spells.
You can't see any susceptible monsters within range! (Use Z to cast anyway.)
Casting: Shock
Confirm with . or Enter, or press ? or * to list all spells.
You can't see any susceptible monsters within range! (Use Z to cast anyway.)
Casting: Shock
Confirm with . or Enter, or press ? or * to list all spells.
Aiming: Shock
Press: ? - help, Shift-Dir - straight line The zap hits something.
You hear a zap.
A puff of flame appears from out of thin air!
The puff of flame hits you!
You die...

#... ##..# ###...# ####..
..# ###......##.#
............####
...######...รท<.# .
##........#.#########..(.
...#........##..@.{......
#...........#..###.......
(.............## .......
.........................
......#####.#########....
####### #.# ..[. #.# ...
#.# .. #.#


There were no monsters in sight!

Vanquished Creatures
  Terence (D:2)
  2 adders
  3 dart slugs
  A leopard gecko (D:2)
  3 ball pythons
  2 giant cockroaches (D:1)
  7 goblins
  6 hobgoblins
  7 jackals (D:3)
  9 kobolds
  A quokka (D:2)
  8 bats
  2 frilled lizards
  9 rats
61 creatures vanquished.

Notes
Turn   | Place    | Note
-------+----------+-------------------------------------------
     0 | D:1      | Lianjan the Tengu Air Elementalist began the quest for the Orb.
     0 | D:1      | Reached XP level 1. HP: 10/10 MP: 4/4
   166 | D:1      | Reached XP level 2. HP: 15/15 MP: 6/6
   178 | D:1      | Learned a level 2 spell: Swiftness
   181 | D:1      | Learned a level 2 spell: Repel Missiles
   235 | D:1      | Reached skill level 1 in Short Blades
   673 | D:1      | Reached XP level 3. HP: 12/19 MP: 7/7
   956 | D:2      | Noticed Terence
   970 | D:2      | Killed Terence
   970 | D:2      | Reached skill level 5 in Air Magic
  1217 | D:2      | Upgraded the game from 0.19-a0-1907-gcff654f to 0.20-a0-309-gcba9277
  1244 | D:2      | Reached XP level 4. HP: 24/24 MP: 4/8
  1282 | D:2      | Found a blossoming altar of Fedhas.
  1950 | D:2      | Found a glowing silver altar of Zin.
  2152 | D:3      | Noticed Sigmund
  2162 | D:3      | Killed from afar by Sigmund

Vault maps used:
D:1:      tarquinn_simple_flora_water_e
D:2:      minmay_diamond_boxcup, fedhas_altar_3, zin_treasury, first_bread,
          minmay_pentomino_x4, uniq_terence
D:3:      old_standard_altar, grunt_dithmenos_smoke_and_mirrors,
          nicolae_ru_path_of_blood, uniq_sigmund

Skill      XL: |  1  2  3  4 |
---------------+-------------+-----
Short Blades   | 1 2 3 |  3.2
Air Magic      | 5 |  5.1
Conjurations   | 3 |  3.0
Dodging        | |  2.1
Stealth        | |  2.0
Spellcasting   | |  2.0

Action                   |  1- 3 |  4- 6 || total
-------------------------+-------+-------++-------
Melee: Short sword       |    58 |    42 ||   100
       Kick              |    12 |     5 ||    17
       Peck              |     9 |     4 ||    13
 Cast: Shock             |    11 |    40 ||    51
 Stab: Sleeping          |     1 |     3 ||     4
  Eat: Chunk             |     1 |     4 ||     5
Armor: Robe              |     3 |       ||     3
       Leather armour    |    14 |    10 ||    24
Dodge: Dodged            |    41 |    45 ||    86
Block: Other             |     1 |     9 ||    10
       Reflection        |     1 |     1 ||     2
